 Dungeon Crawl Stone Soup version 0.18-a0-1561-g7b1e397 (webtiles) character file.

938 Lusmu the Jinx (level 7, -6/34 HPs)
             Began as a Spriggan Enchanter on Mar 13, 2016.
             Killed from afar by an orc wizard (8 damage)
             ... with a magic dart
             ... on level 5 of the Dungeon.
             The game lasted 00:38:27 (7072 turns).

Lusmu the Jinx (Spriggan Enchanter)                 Turns: 7072, Time: 00:38:28

Health: -6/34      AC:  5    Str:  6    XL:     7   Next: 87%
Magic:  1/12       EV: 22    Int: 17    God:
Gold:   123        SH:  0    Dex: 16    Spells: 3 memorised, 5 levels left

rFire  . . .     SeeInvis +     a - +1 dagger
rCold  + . .     Gourm    .     b - +1 robe
rNeg   . . .     Faith    .     (shield restricted)
rPois  .         Spirit   .     (helmet restricted)
rElec  .         Dismiss  .     x - +1 cloak
rCorr  .         Reflect  .     (gloves unavailable)
SustAt .         Harm     .     (boots unavailable)
MR     +....                    (no amulet)
Stlth  ++++......               (no ring)
                                m - ring of protection from cold

@: very quick, somewhat resistant to hostile enchantments, stealthy
A: unfitting armour, see invisible, herbivore 3, speed 3, slow metabolism 2
a: no special abilities


You were on level 5 of the Dungeon.
You were not hungry.

You visited 1 branch of the dungeon, and saw 5 of its levels.

You collected 123 gold pieces.

Inventory:

Hand Weapons
 a - a +1 dagger (weapon)
Missiles
 t - 3 needles of paralysis
Armour
 b - a +1 robe (worn)
 x - a +1 cloak (worn)
Jewellery
 m - a ring of protection from cold (left hand)
 r - an uncursed ring of ice
Wands
 j - a wand of confusion (3/48)
Scrolls
 e - a scroll of amnesia
 f - 2 scrolls of enchant armour
 g - 3 scrolls of teleportation
 h - a scroll of magic mapping {unknown}
 i - 4 scrolls of remove curse
 l - 3 scrolls of noise
 p - a scroll of immolation {unknown}
 q - a scroll of recharging
 s - a scroll of fear
Potions
 k - a potion of invisibility
 n - a potion of haste
 o - 2 potions of curing
 u - a potion of might {unknown}
 w - 2 potions of brilliance {unknown}
Books
 c - a book of Maledictions

   Spells                             Type                      Level
   a - Corona                         Hexes                        1
   b - Ensorcelled Hibernation        Hexes/Ice                    2
   c - Confuse                        Hexes                        3
   d - Tukima's Dance                 Hexes                        3
   e - Dazzling Spray                 Conjuration/Hexes            3
Comestibles
 d - 3 bread rations


   Skills:
 * Level 1.7 Fighting
 + Level 3.5 Short Blades
 + Level 6.6 Dodging
 - Level 7.0 Stealth
 - Level 2.6 Spellcasting
 - Level 8.0 Hexes


You had 5 spell levels left.
You knew the following spells:

 Your Spells              Type           Power        Failure   Level  Hunger
a - Corona                Hex            ####...      1%          1    #......
b - Ensorcelled Hibernat  Hex/Ice        ###...       6%          2    ##.....
c - Confuse               Hex            ####....     1%          3    ###....


Dungeon Overview and Level Annotations

Branches:
Dungeon (5/15)
 Temple: D:4-7

Altars:
Zin

Annotations:
D:4 SirMumm's ghost, amateur DEWz


Innate Abilities, Weirdness & Mutations

You are tiny and cannot use many weapons and most armour.
You have supernaturally acute eyesight.
You are a herbivore.
You cover ground extremely quickly.
You need consume almost no food.


Message History

Confirm with . or Enter, or press ? or * to list all spells.
Aiming: Confuse
Press: ? - help, Shift-Dir - straight line, f/p - orc wizard
Aim: an orc wizard, wielding a dagger and wearing a robe (fast, chance to defeat MR: 58%)
The orc wizard resists with significant effort.
The orc wizard closely misses you.
The orc wizard gestures at you while chanting.
The magic dart hits you!
The orc wizard points at you and mumbles some strange words.
The magic dart hits you!
You see here an iguana skeleton.
The orc wizard gestures at you while chanting.
The magic dart hits you!
* * * LOW HITPOINT WARNING * * *
The orc wizard points at you and mumbles some strange words.
The magic dart hits you!
* * * LOW HITPOINT WARNING * * *
The orc wizard gestures at you while chanting.
The magic dart hits you!
You die...

######## .......# ######.# ..#
#.# #### #.# #.# #... #.# #.#
####################.## ..####.#
#.....@..............##
....##.####.#########o...........
......<.....# #รท#######..##
..#.##.####.# ####o# #..##
..#.##.# #.######o.o.# #....
.......# #.....##.#### #.###
..#.#### #.###...o...# ### #
###.# #.#.........# ###.#
#.#.###.o...#


You could see an orc wizard.

Vanquished Creatures
  An ice beast (D:5)
  A sky beast (D:5)
  An ogre (D:4)
  2 scorpions
  A howler monkey (D:5)
  A crimson imp (D:5)
  4 hounds
  4 orc wizards (D:4)
  An orc priest (D:4)
  A centaur skeleton (D:4)
  A giant frog skeleton (D:4)
  Jessica (D:3)
  An iguana (D:5)
  A hound skeleton (D:4)
  3 adders
  A shadow imp (D:5)
  An adder skeleton (D:4)
  4 worms (D:2)
  2 dart slugs
  3 giant geckos
  5 orcs
  3 ball pythons
  5 bats
  3 giant cockroaches
  3 goblins
  7 hobgoblins
  12 jackals
  7 kobolds
  A quokka (D:5)
  4 giant newts
  8 rats
93 creatures vanquished.

Notes
Turn   | Place    | Note
--------------------------------------------------------------
     0 | D:1      | Lusmu the Spriggan Enchanter began the quest for the Orb.
     0 | D:1      | Reached XP level 1. HP: 9/9 MP: 5/5
   224 | D:1      | Reached skill level 4 in Hexes
   571 | D:1      | Reached XP level 2. HP: 2/13 MP: 6/6
  1179 | D:1      | Reached skill level 5 in Stealth
  1394 | D:1      | You fall through a shaft!
  1433 | D:2      | Found a faded altar to an unknown god.
  1687 | D:2      | Learned a level 2 spell: Ensorcelled Hibernation
  2081 | D:3      | Reached XP level 3. HP: 16/16 MP: 8/8
  2383 | D:2      | Reached skill level 5 in Hexes
  2561 | D:2      | Reached XP level 4. HP: 21/21 MP: 4/9
  3096 | D:3      | Noticed Jessica
  3127 | D:3      | Learned a level 3 spell: Confuse
  3346 | D:3      | Killed Jessica
  3415 | D:3      | Reached XP level 5. HP: 24/24 MP: 10/10
  4113 | D:4      | Reached skill level 6 in Hexes
  4673 | D:4      | Reached XP level 6. HP: 28/28 MP: 11/11
  4904 | D:4      | Reached skill level 5 in Dodging
  4904 | D:4      | Reached skill level 7 in Hexes
  5226 | D:4      | Reached XP level 7. HP: 32/32 MP: 12/12
  5938 | D:4      | Noticed SirMumm's ghost (amateur DEWz)
  6006 | D:5      | Entered Level 5 of the Dungeon
  6051 | D:5      | Reached skill level 8 in Hexes
  6169 | D:5      | Reached skill level 1 in Fighting
  6438 | D:5      | Noticed an angel
  6439 | D:5      | Found a glowing silver altar of Zin.
  7072 | D:5      | Killed from afar by an orc wizard

Vault maps used:
D:1:      minmay_arrival_semitransparent
D:2:      ecumenical_altar_2, first_bread
D:3:      uniq_jessica
D:5:      nicolae_overflow_hidden_temple, zin_angel,
          gammafunk_pakellas_cloud_experiment

Skill      XL: |  1  2  3  4  5  6  7 |
---------------+----------------------+-----
Hexes          | 4 5 6 7 8 |  8.0
Stealth        | 5 6 7 |  7.0
Dodging        | 4 5 6 |  6.6
Short Blades   | 2 3 |  3.5
Fighting       | 1 |  1.7
Spellcasting   | |  2.6

Action                   |  1- 3 |  4- 6 |  7- 9 || total
-------------------------+-------+-------+-------++-------
Melee: Dagger            |   110 |   208 |   144 ||   462
       Short sword       |     4 |       |       ||     4
 Cast: Corona            |     9 |     5 |     8 ||    22
       Ensorcelled Hiber |     7 |    19 |    13 ||    39
       Confuse           |       |     2 |     8 ||    10
  Use: Scroll            |     4 |     6 |     2 ||    12
       Potion            |       |       |     1 ||     1
 Stab: Sleeping          |    18 |    15 |     9 ||    42
       Distracted        |     1 |     2 |     2 ||     5
       Confused          |       |     1 |     2 ||     3
  Eat: Royal jelly       |       |     1 |       ||     1
       Bread ration      |       |     1 |       ||     1
